 Dungeon Crawl Stone Soup version 0.29.1-2-gbd0b4ee654 (webtiles) character file.

Game seed: 5283044621021479904

18 DemonSlayer the Firebug (level 2, 0/19 HPs)
             Began as a Demonspawn Fire Elementalist on Oct 31, 2022.
             Slain by a goblin
             ... wielding a +0 club
             ... led by Robin
              (6 damage)
             ... on level 2 of the Dungeon.
             The game lasted 00:02:27 (798 turns).

DemonSlayer the Firebug (DsFE)                       Turns: 798, Time: 00:02:28

Health: 0/19       AC:  2    Str:  8    XL:     2   Next: 51%
Magic:  1/5        EV: 12    Int: 16    God:
Gold:   12         SH:  0    Dex: 13    Spells: 2/5 levels left

rFire   . . .      SeeInvis .   c - +1 dagger
rCold   . . .      Faith    .   (no shield)
rNeg    . . .      Spirit   .   a - +0 robe
rPois   .          Reflect  .   (no helmet)
rElec   .          Harm     .   (no cloak)
rCorr   .          Rampage  .   (no gloves)
Will    .....                   (no boots)
Stlth   ++........              (no amulet)
HPRegen 0.06/turn               (no ring)
MPRegen 0.09/turn               (no ring)

@: no status effects
A: demonic guardian 1
a: no special abilities


You were on level 2 of the Dungeon.
You visited 1 branch of the dungeon, and saw 2 of its levels.

You collected 12 gold pieces.

Inventory:

Hand Weapons
 c - a +1 dagger (weapon)
Armour
 a - a +0 robe (worn)
Scrolls
 f - 2 scrolls of teleportation {unknown}


   Skills:
 + Level 1.8 Dodging
 + Level 2.0 Stealth
 + Level 2.1 Spellcasting
 + Level 1.3 Conjurations
 + Level 3.1 Fire Magic


You had 2 spell levels left.
You knew the following spells:

 Your Spells              Type           Power      Damage    Failure   Level
a - Foxfire               Conj/Fire      32%        2x1d5     9%          1
b - Scorch                Fire           22%        2d6       9%          2

Your spell library contained the following spells:

 Spells                   Type           Power      Damage    Failure   Level
 Sublimation of Blood     Necr           1%         N/A       30%         2
 Conjure Flame            Conj/Fire      8%         6-21      24%         3
 Inner Flame              Hex/Fire       6%         N/A       32%         3
 Flame Wave               Conj/Fire      8%         2d5       63%         4
 Dispel Undead            Necr           1%         3d6       90%         4
 Death Channel            Necr           0%         N/A       100%        6
 Disjunction              Tloc           0%         N/A       100%        8


Dungeon Overview and Level Annotations

Branches:
Dungeon (2/15)

Altars:
Gozag

Annotations:
D:2 Robin


Innate Abilities, Weirdness & Mutations

A weak demonic guardian rushes to your aid.


Message History

Your butterfly disappears in a burst of colours!
You swap places.
Something misses your butterfly.
Something closely misses your butterfly.
Something hits your butterfly.
Your butterfly dies!
Your butterfly disappears in a burst of colours!
As you read the scroll labelled BOMIDD GYESHRI, it crumbles to dust.
Wisps of shadow whirl around you...
It was a scroll of summoning.
You swap places.
Robin throws the goblin at you! The goblin hits you with a +0 club.
You swap places.
The goblin unwields a +0 club.
The goblin wields a +0 sling.
The goblin shoots a sling bullet.
The sling bullet hits your bat but does no damage.
You swap places.
Your ball python bites the goblin.
Your ball python barely misses the goblin.
The goblin shoots a sling bullet.
The sling bullet hits your bat.
Your ball python closely misses the goblin.
Your ball python misses the goblin.
Something hits your ball python!
Your ball python dies!
Your ball python's corpse dissolves into shadows!
The goblin unwields a +0 sling.
The goblin wields a +0 club.
The goblin barely misses your bat.
You swap places.
The goblin unwields a +0 club.
The goblin wields a +0 sling.
The goblin shoots a sling bullet.
The sling bullet closely misses your bat.
The sling bullet hits your dart slug.
Your bat hits the goblin. Your bat misses the goblin.
Robin throws the goblin at you!
As you read the scroll labelled QONIGI IKKIR, it crumbles to dust.
It is a scroll of enchant weapon.
Your +0 dagger glows red for a moment.
The goblin no longer looks unusually strong.
Your bat barely misses Robin.
The goblin unwields a +0 sling.
The goblin wields a +0 club.
The goblin barely misses you.
Robin roars a battlecry!
The goblin goes into a battle-frenzy!
You hear a shout!
You completely miss the goblin.
The goblin is heavily wounded.
Your bat hits Robin but does no damage. The goblin hits you with a +0 club.
You die...

### ###
#@# #.#
#g# #.#
#.# #.#
#r# #.#
#.# #w#
#.# #.#
#b####b#
#.# ##
#.g..bb#
#.# #.
#####gg#
#.# #.
#..#
##.###.


You could see Robin (ally target), a goblin (strong), a friendly dart slug
(summoned), a friendly bat (summoned) and a friendly rat (summoned).

Vanquished Creatures
  An endoplasm (D:2)
  3 giant cockroaches
  4 goblins
  A hobgoblin (D:1)
  2 jackals (D:2)
  A quokka (D:1)
  A ball python (D:1)
  A kobold (D:1)
  2 rats
16 creatures vanquished.

Vanquished Creatures (others)
  59 foxfires
59 creatures vanquished.

Grand Total: 75 creatures vanquished

Notes
Turn   | Place    | Note
-------+----------+-------------------------------------------
     0 | D:1      | DemonSlayer the Demonspawn Fire Elementalist began the
                  | quest for the Orb.
     0 | D:1      | Reached XP level 1. HP: 13/13 MP: 3/3
   123 | D:1      | Found a faded altar of an unknown god.
   176 | D:1      | Got Cafyleb's Anthology of Distorted Unhallowed Secrets
   288 | D:1      | Reached skill level 3 in Fire Magic
   469 | D:2      | Gained mutation: A weak demonic guardian rushes to your
                  | aid. [demonic ancestry]
   469 | D:2      | Reached XP level 2. HP: 19/19 MP: 5/5
   479 | D:2      | Learned a level 2 spell: Scorch
   686 | D:2      | Found an opulent altar of Gozag.
   720 | D:2      | Noticed Robin
   798 | D:2      | Slain by a goblin

Illustrated notes

Levels and vault maps discovered:
D:1:      lemuel_arrival_lava_pool, layout_basic,
          hellmonk_ecumenical_altar_arch_garden, minmay_misc_feat_rows
D:2:      layout_loops_ring, basic_altar, uniq_crazy_yiuf_cottage, uniq_sigmund,
          uniq_robin, uniq_natasha

Skill      XL: |  1  2 |
---------------+-------+-----
Fire Magic     | 3 |  3.1
Stealth        | 2 |  2.0
Dodging        | |  1.8
Spellcasting   | |  2.1
Conjurations   | |  1.3

Action                   || total
-------------------------++-------
Melee: Dagger            ||    13
 Cast: Foxfire           ||    35
  Use: Potion            ||     1
       Scroll            ||     3
 Stab: Sleeping          ||     1
Armor: Robe              ||     2
Dodge: Dodged            ||    23
